Bruins vs Stars
Created - 10 avril 2015 at 18:51
Goals
|
| Bruins |
0 |
2 |
1 |
3 |
| Stars |
0 |
4 |
2 |
6 |
|
Shots
|
| Bruins |
4 |
15 |
8 |
27 |
| Stars |
20 |
16 |
5 |
41 |
|
1st period
No Goal
Penalties :
Hugh Jessiman (Dal) for Goalie Interference (Minor) at 1:23, Andrei Markov (Bos) for Holding (Minor) at 4:09
2nd period
1. Stars , Alexei Morozov 39 (Henrik Sedin) at 0:17
2. Stars , Éric Belanger 18 (Shane Doan) at 6:34
3. Bruins , Eric Lindros 38 (Wojtek Wolski, Karri Ramo) at 14:33 (PP)
4. Stars , Alexei Morozov 40 (Henrik Sedin, Daniel Sedin) at 16:47
5. Bruins , Victor Oreskovich 15 (Scottie Upshall, Sydney Crosby) at 17:22
6. Stars , Henrik Sedin 42 (Mark Streit, Alexei Morozov) at 19:35
Penalties :
Eric Lindros (Bos) for Interference (Minor) at 7:38, Jan Hlavac (Dal) for Hooking (Minor) at 14:13
3rd period
7. Stars , Patrick Sharp 31 (Henrik Sedin, Alexei Morozov) at 14:49 (PP)
8. Stars , Daniel Sedin 29 (Alexei Morozov) at 15:01
9. Bruins , Wojtek Wolski 51 (Eric Lindros, Vitali Yachmenev) at 19:24
Penalties :
Alexei Morozov (Dal) for Tripping (Minor) at 3:00, Eric Lindros (Bos) for Hooking (Minor) at 8:58, Eric Lindros (Bos) for Holding (Minor) at 14:43, Matthew Spiller (Dal) for Interference (Minor) at 15:52
Goalie Stats
Karri Ramo (Bos), 35 saves from 41 shots - (0,854), L, 10-15-2, 60:00 minutes
Pascal Leclaire (Dal), 24 saves from 27 shots - (0,889), W, 32-23-4, 60:00 minutes
Players Stats for Bruins
Player Name G A P +/- PIM S H SB GA TA FO MP PP MP PK MP
------------------------------------------------------------------------------------
Andrei Markov 0 0 0 -3 2 1 2 3 0 0 0/0 26:15 3:29 2:22
Christoph Schubert 0 0 0 -1 0 0 0 0 0 0 0/0 13:36 0:00 0:37
Dainius Zubrus 0 0 0 0 0 2 1 1 0 0 0/0 12:28 0:09 1:58
Dave Bolland 0 0 0 -1 0 2 1 0 0 0 1/2 9:34 0:00 1:30
Eric Lindros 1 1 2 -2 6 4 3 0 1 0 17/36 21:38 3:09 0:59
Jason Demers 0 0 0 1 0 2 1 0 0 0 0/0 19:21 2:48 2:17
Mark Stuart 0 0 0 1 0 1 0 1 0 0 0/0 19:40 2:48 2:36
Martin Erat 0 0 0 -1 0 1 2 1 0 0 0/0 7:27 0:00 0:00
Matt Cooke 0 0 0 0 0 3 2 0 0 0 0/1 12:54 0:09 1:55
Matt Hendricks 0 0 0 0 0 1 3 0 0 2 0/2 8:54 0:00 0:00
Ryan O'Byrne 0 0 0 -3 0 1 2 0 0 0 0/0 26:56 3:29 3:27
Scottie Upshall 0 1 1 0 0 1 1 0 1 0 0/1 17:35 2:59 1:58
Sydney Crosby 0 1 1 0 0 1 1 0 0 1 2/7 16:21 2:59 0:44
Tom Gilbert 0 0 0 -1 0 0 0 1 0 0 0/0 14:11 0:00 0:47
Victor Oreskovich 1 0 1 0 0 1 0 0 0 0 0/1 15:37 2:59 0:00
Viktor Stalberg 0 0 0 -1 0 2 0 0 0 0 0/0 9:12 0:09 0:00
Vitali Yachmenev 0 1 1 -2 0 1 4 0 0 1 0/0 19:26 3:09 0:00
Wojtek Wolski 1 1 2 -2 0 3 0 0 2 0 3/5 22:48 3:09 3:02
Players Stats for Stars
Player Name G A P +/- PIM S H SB GA TA FO MP PP MP PK MP
------------------------------------------------------------------------------------
Alexei Morozov 2 3 5 4 2 6 1 0 0 2 0/1 19:17 3:06 0:00
Brendan Bell 0 0 0 1 0 2 0 1 0 0 0/0 14:19 0:00 3:03
Bryan Berard 0 0 0 0 0 0 3 0 1 0 0/0 19:13 2:22 0:47
Daniel Cleary 0 0 0 0 0 2 1 0 0 0 0/1 13:06 0:13 1:47
Daniel Sedin 1 1 2 4 0 3 1 0 0 0 1/2 21:05 2:44 1:35
Éric Belanger 1 0 1 0 0 6 1 0 0 0 3/3 12:21 0:00 1:47
Filip Novak 0 0 0 0 0 1 0 0 0 0 0/0 14:28 0:13 2:06
Henrik Sedin 1 3 4 4 0 2 2 1 0 0 22/36 19:17 3:06 0:00
Hugh Jessiman 0 0 0 0 2 0 0 0 0 0 0/0 8:59 0:13 0:00
Jan Hlavac 0 0 0 0 2 4 3 0 0 0 0/0 10:34 0:00 2:55
John Tavares 0 0 0 -1 0 2 2 0 0 0 3/5 16:42 2:44 1:15
Mark Streit 0 1 1 0 0 4 0 2 2 0 0/0 21:32 3:41 0:00
Marty Reasoner 0 0 0 0 0 1 1 0 0 0 3/7 10:55 0:00 3:15
Matthew Spiller 0 0 0 2 2 1 0 0 0 1 0/0 23:27 2:22 2:43
Patrick Sharp 1 0 1 -1 0 3 1 1 0 0 0/0 15:14 3:06 0:00
Pavel Kubina 0 0 0 3 0 2 2 4 1 1 0/0 27:00 3:28 3:55
Ryan Malone 0 0 0 0 0 1 1 1 0 0 0/0 11:19 0:13 0:00
Shane Doan 0 1 1 -1 0 1 2 1 0 0 0/0 14:51 2:44 0:00
3 Stars
1 - Alexei Morozov (Dal)
2 - Henrik Sedin (Dal)
3 - Daniel Sedin (Dal)
Power Play
Bruins - 1 on 4 Attempt(s) - 25,00%
Stars - 1 on 4 Attempt(s) - 25,00%
Penalty Kill
Bruins - 3 on 4 Attempt(s) - 75,00%
- Score 0 goal in Penalty Kill
Stars - 3 on 4 Attempt(s) - 75,00%
- Score 0 goal in Penalty Kill
Team Stat
Bruins - Hits : 23 - Faceoff Wins : 23 - Blocked Shots : 7 - Penalty Minutes : 8
Stars - Hits : 21 - Faceoff Wins : 32 - Blocked Shots : 11 - Penalty Minutes : 8
Official
Referees : Morton Dean and Joannette Marc
Linesman : Thor Nelson and Shane Heyer
Game Notes
No Game Note
Finance
Level 1 -- Attendance: 5753 (95,88%) -- Ticket Income 483 252 $
Level 2 -- Attendance: 4390 (87,80%) -- Ticket Income 228 280 $
Level 3 -- Attendance: 1809 (90,45%) -- Ticket Income 54 270 $
Level 4 -- Attendance: 3816 (95,40%) -- Ticket Income 72 504 $
Luxury Box -- Attendance: 792 (79,20%) -- Ticket Income 133 848 $
Game was played at the American Airlines Center'
Total Attendance: 16560 (92,00%)
Total Ticket Income: 972 154 $
Other Income: 145 823 $
Total Income: 1 117 977 $
Bruins
5 vs 5 Forward
Center Left Wing Right Wing Time % Phy DF OF
1 Eric Lindros Wojtek Wolski Vitali Yachmenev 40 1 2 2
2 Sydney Crosby Scottie Upshall Victor Oreskovich 30 1 2 2
3 Matt Hendricks Matt Cooke Dainius Zubrus 20 1 2 2
4 Dave Bolland Viktor Stalberg Martin Erat 10 1 2 2
5 vs 5 Defense
Defense Defense Time % Phy DF OF
1 Ryan O'Byrne Andrei Markov 40 1 2 2
2 Mark Stuart Jason Demers 30 1 2 2
3 Christoph Schubert Tom Gilbert 20 1 2 2
4 Ryan O'Byrne Andrei Markov 10 1 2 2
PowerPlay Forward
Center Left Wing Right Wing Time % Phy DF OF
1 Eric Lindros Wojtek Wolski Vitali Yachmenev 60 1 2 2
2 Sydney Crosby Scottie Upshall Victor Oreskovich 40 1 2 2
PowerPlay Defense
Defense Defense Time % Phy DF OF
1 Ryan O'Byrne Andrei Markov 60 1 2 2
2 Mark Stuart Jason Demers 40 1 2 2
Penalty Kill 4 Players Forward
Center Wing Time % Phy DF OF
1 Wojtek Wolski Eric Lindros 60 1 2 2
2 Sydney Crosby Scottie Upshall 40 1 2 2
Penalty Kill 4 Players Defense
Defense Defense Time % Phy DF OF
1 Ryan O'Byrne Andrei Markov 60 1 2 2
2 Mark Stuart Jason Demers 40 1 2 2
Penalty Kill - 3 Players Forward
Forward Time % Phy DF OF
1 Wojtek Wolski 60 1 2 2
2 Eric Lindros 40 1 2 2
Penalty Kill - 3 Players Defense
Defense Defense Time % Phy DF OF
1 Ryan O'Byrne Andrei Markov 60 1 2 2
2 Mark Stuart Jason Demers 40 1 2 2
4 vs 4 Forward
Center Wing Time % Phy DF OF
1 Wojtek Wolski Eric Lindros 60 1 2 2
2 Sydney Crosby Scottie Upshall 40 1 2 2
4 vs 4 Defense
Defense Defense Time % Phy DF OF
1 Ryan O'Byrne Andrei Markov 60 1 2 2
2 Mark Stuart Jason Demers 40 1 2 2
Last Minutes Offensive
Center Left Wing Right Wing Defense Defense
Eric Lindros Wojtek Wolski Vitali Yachmenev Ryan O'Byrne Andrei Markov
Last Minutes Defensive
Center Left Wing Right Wing Defense Defense
Eric Lindros Wojtek Wolski Vitali Yachmenev Ryan O'Byrne Andrei Markov
Goaltenders
Starting : Karri Ramo
Backup : Kevin Poulin
Extra Forwards
Normal : Matt Cooke, Viktor Stalberg, Dainius Zubrus - PP : Matt Cooke, Viktor Stalberg - PK : Dainius Zubrus
Extra Defensemen
Normal : Christoph Schubert, Tom Gilbert, Mark Stuart - PP : Christoph Schubert - PK : Tom Gilbert, Mark Stuart
Penalty Shots
Wojtek Wolski, Eric Lindros, Sydney Crosby, Scottie Upshall, Matt Cooke
Stars
5 vs 5 Forward
Center Left Wing Right Wing Time % Phy DF OF
1 Henrik Sedin Daniel Sedin Alexei Morozov 40 1 2 2
2 John Tavares Patrick Sharp Shane Doan 30 1 2 2
3 Éric Belanger Ryan Malone Daniel Cleary 20 1 2 2
4 Marty Reasoner Jan Hlavac Hugh Jessiman 10 1 2 2
5 vs 5 Defense
Defense Defense Time % Phy DF OF
1 Pavel Kubina Matthew Spiller 40 1 2 2
2 Mark Streit Bryan Berard 30 1 2 2
3 Filip Novak Brendan Bell 20 1 2 2
4 Pavel Kubina Mark Streit 10 1 2 2
PowerPlay Forward
Center Left Wing Right Wing Time % Phy DF OF
1 Henrik Sedin Patrick Sharp Alexei Morozov 60 1 2 2
2 John Tavares Daniel Sedin Shane Doan 40 1 2 2
PowerPlay Defense
Defense Defense Time % Phy DF OF
1 Pavel Kubina Mark Streit 60 1 2 2
2 Matthew Spiller Bryan Berard 40 1 2 2
Penalty Kill 4 Players Forward
Center Wing Time % Phy DF OF
1 Marty Reasoner Jan Hlavac 60 1 2 2
2 Éric Belanger Daniel Cleary 40 1 2 2
Penalty Kill 4 Players Defense
Defense Defense Time % Phy DF OF
1 Pavel Kubina Matthew Spiller 60 1 2 2
2 Filip Novak Brendan Bell 40 1 2 2
Penalty Kill - 3 Players Forward
Forward Time % Phy DF OF
1 Marty Reasoner 60 1 2 2
2 Éric Belanger 40 1 2 2
Penalty Kill - 3 Players Defense
Defense Defense Time % Phy DF OF
1 Pavel Kubina Matthew Spiller 60 1 2 2
2 Brendan Bell Filip Novak 40 1 2 2
4 vs 4 Forward
Center Wing Time % Phy DF OF
1 Henrik Sedin Patrick Sharp 60 1 2 2
2 Alexei Morozov Daniel Sedin 40 1 2 2
4 vs 4 Defense
Defense Defense Time % Phy DF OF
1 Pavel Kubina Mark Streit 60 1 2 2
2 Matthew Spiller Bryan Berard 40 1 2 2
Last Minutes Offensive
Center Left Wing Right Wing Defense Defense
Henrik Sedin Patrick Sharp Alexei Morozov Pavel Kubina Mark Streit
Last Minutes Defensive
Center Left Wing Right Wing Defense Defense
Marty Reasoner Jan Hlavac Daniel Cleary Matthew Spiller Brendan Bell
Goaltenders
Starting : Pascal Leclaire
Backup : Patrick Lalime
Extra Forwards
Normal : Daniel Cleary, Ryan Malone, Marty Reasoner - PP : Daniel Cleary, Ryan Malone - PK : Marty Reasoner
Extra Defensemen
Normal : Filip Novak, Brendan Bell, Matthew Spiller - PP : Filip Novak - PK : Brendan Bell, Matthew Spiller
Penalty Shots
Henrik Sedin, Patrick Sharp, Alexei Morozov, Daniel Sedin, Shane Doan
% Time on Ice - Bruins
Lines # - Real PCT - Wanted PCT - Time Play
Normal Forward
1 - 39% - 40% - 18:41
2 - 27% - 30% - 12:38
3 - 19% - 20% - 8:54
4 - 16% - 10% - 7:27
Normal Defense
1 - 40% - 40% - 19:11
2 - 30% - 30% - 14:16
3 - 27% - 20% - 12:59
4 - 3% - 10% - 1:14
PP Forward
1 - 53% - 60% - 3:18
2 - 47% - 40% - 2:59
PP Defense
1 - 55% - 60% - 3:29
2 - 45% - 40% - 2:48
PK Forward
1 - 88% - 60% - 5:19
2 - 12% - 40% - 0:44
PK Defense
1 - 62% - 60% - 3:46
2 - 38% - 40% - 2:17
PK3 Forward
1 - 0% - 60%
2 - 0% - 40%
PK3 Defense
1 - 0% - 60%
2 - 0% - 40%
44 Forward
1 - 0% - 60%
2 - 0% - 40%
44 Defense
1 - 0% - 60%
2 - 0% - 40%
Last Minute Offensive - 0:00
Last Minute Defensive - 0:00
Total
Forward - 60:00
Defense - 60:00
|
% Time on Ice - Stars
Lines # - Real PCT - Wanted PCT - Time Play
Normal Forward
1 - 36% - 40% - 17:20
2 - 25% - 30% - 12:07
3 - 22% - 20% - 10:34
4 - 16% - 10% - 7:39
Normal Defense
1 - 40% - 40% - 19:06
2 - 33% - 30% - 15:33
3 - 24% - 20% - 11:15
4 - 4% - 10% - 1:46
PP Forward
1 - 55% - 60% - 3:19
2 - 45% - 40% - 2:44
PP Defense
1 - 61% - 60% - 3:41
2 - 39% - 40% - 2:22
PK Forward
1 - 72% - 60% - 4:30
2 - 28% - 40% - 1:47
PK Defense
1 - 75% - 60% - 4:42
2 - 25% - 40% - 1:35
PK3 Forward
1 - 0% - 60%
2 - 0% - 40%
PK3 Defense
1 - 0% - 60%
2 - 0% - 40%
44 Forward
1 - 0% - 60%
2 - 0% - 40%
44 Defense
1 - 0% - 60%
2 - 0% - 40%
Last Minute Offensive - 0:00
Last Minute Defensive - 0:00
Total
Forward - 60:00
Defense - 60:00
|
Play by Play
1st period
0:01 of 1st period - Henrik Sedin wins face-off versus Eric Lindros in neutral zone.
0:05 of 1st period - Off-side.
0:06 of 1st period - Eric Lindros wins face-off versus Henrik Sedin in neutral zone.
0:09 of 1st period - Snap shot by Wojtek Wolski.
0:09 of 1st period - Shot Misses the Net.
0:11 of 1st period - Wrist shot by Andrei Markov.
0:11 of 1st period - Deflect By Eric Lindros.
0:11 of 1st period - Stopped by Pascal Leclaire without a rebound.
0:12 of 1st period - John Tavares wins face-off versus Sydney Crosby in Stars zone.
0:37 of 1st period - Dainius Zubrus is hit by Bryan Berard and loses puck.
1:02 of 1st period - Snap shot by Alexei Morozov.
1:02 of 1st period - Shot Misses the Net.
1:04 of 1st period - Slapshot by Matthew Spiller.
1:04 of 1st period - Shot Misses the Net.
1:10 of 1st period - Slapshot by Alexei Morozov.
1:10 of 1st period - Stopped by Karri Ramo with a rebound.
1:12 of 1st period - Slapshot by Pavel Kubina.
1:12 of 1st period - Shot Misses the Net.
1:23 of 1st period - Minor Penalty to Hugh Jessiman for Goalie Interference.
1:24 of 1st period - Marty Reasoner wins face-off versus Eric Lindros in Stars zone.
2:34 of 1st period - Jason Demers is hit by Marty Reasoner and loses puck.
3:17 of 1st period - Scottie Upshall is hit by Pavel Kubina and loses puck.
3:23 of 1st period - Penalty to Hugh Jessiman is over, Hugh Jessiman is back on ice.
3:52 of 1st period - Slapshot by John Tavares.
3:52 of 1st period - Shot Blocked by Dainius Zubrus.
3:58 of 1st period - Slapshot by Matt Cooke.
3:58 of 1st period - Deflect By Dainius Zubrus.
3:58 of 1st period - Shot Hit the Post.
3:58 of 1st period - Puck is out of play.
3:59 of 1st period - Eric Lindros wins face-off versus Daniel Cleary in Stars zone.
4:09 of 1st period - Minor Penalty to Andrei Markov for Holding.
4:10 of 1st period - Henrik Sedin wins face-off versus Wojtek Wolski in Bruins zone.
4:28 of 1st period - Ryan O'Byrne is hit by Pavel Kubina and loses puck.
4:52 of 1st period - Daniel Sedin is hit by Eric Lindros and loses puck.
6:09 of 1st period - Penalty to Andrei Markov is over, Andrei Markov is back on ice.
6:19 of 1st period - Brendan Bell is hit by Eric Lindros and loses puck.
7:14 of 1st period - Slapshot by Viktor Stalberg.
7:14 of 1st period - Stopped by Pascal Leclaire with a rebound.
7:35 of 1st period - Off-side.
7:36 of 1st period - Henrik Sedin wins face-off versus Matt Hendricks in neutral zone.
8:04 of 1st period - Jason Demers is hit by Bryan Berard and loses puck.
8:41 of 1st period - Wrist shot by Marty Reasoner.
8:41 of 1st period - Stopped by Karri Ramo with a rebound.
8:43 of 1st period - Wrist shot by Bryan Berard.
8:43 of 1st period - Deflect By Éric Belanger.
8:43 of 1st period - Stopped by Karri Ramo with a rebound.
8:45 of 1st period - Snap shot by Ryan Malone.
8:45 of 1st period - Deflect By Éric Belanger.
8:45 of 1st period - Stopped by Karri Ramo with a rebound.
8:47 of 1st period - Snap shot by Ryan Malone.
8:47 of 1st period - Stopped by Karri Ramo without a rebound.
8:48 of 1st period - Wojtek Wolski wins face-off versus John Tavares in Bruins zone.
8:48 of 1st period - Wojtek Wolski is hit by John Tavares.
9:02 of 1st period - Snap shot by Patrick Sharp.
9:02 of 1st period - Shot Blocked by Andrei Markov.
9:17 of 1st period - Wrist shot by Éric Belanger.
9:17 of 1st period - Stopped by Karri Ramo without a rebound.
9:18 of 1st period - Éric Belanger wins face-off versus Scottie Upshall in Bruins zone.
9:29 of 1st period - Slapshot by Éric Belanger.
9:29 of 1st period - Shot Blocked by Tom Gilbert.
9:31 of 1st period - Slapshot by Filip Novak.
9:31 of 1st period - Stopped by Karri Ramo without a rebound.
9:32 of 1st period - Eric Lindros wins face-off versus Henrik Sedin in Bruins zone.
9:57 of 1st period - Sydney Crosby is hit by Shane Doan and loses puck.
10:04 of 1st period - Wrist shot by Shane Doan.
10:04 of 1st period - Shot Misses the Net.
10:06 of 1st period - Wrist shot by Patrick Sharp.
10:06 of 1st period - Stopped by Karri Ramo without a rebound.
10:07 of 1st period - Henrik Sedin wins face-off versus Eric Lindros in Bruins zone.
10:18 of 1st period - Henrik Sedin is hit by Vitali Yachmenev and loses puck.
10:33 of 1st period - John Tavares is hit by Jason Demers and loses puck.
10:44 of 1st period - Snap shot by Shane Doan.
10:44 of 1st period - Stopped by Karri Ramo without a rebound.
10:45 of 1st period - Eric Lindros wins face-off versus Henrik Sedin in Bruins zone.
11:31 of 1st period - Jason Demers is hit by Éric Belanger and loses puck.
13:03 of 1st period - Snap shot by Matt Hendricks.
13:03 of 1st period - Shot Misses the Net.
13:36 of 1st period - Wrist shot by Shane Doan.
13:36 of 1st period - Shot Misses the Net.
13:38 of 1st period - Snap shot by Mark Streit.
13:38 of 1st period - Stopped by Karri Ramo with a rebound.
13:40 of 1st period - Slapshot by Shane Doan.
13:40 of 1st period - Shot Hit the Post.
13:42 of 1st period - Wrist shot by Patrick Sharp.
13:42 of 1st period - Stopped by Karri Ramo with a rebound.
13:56 of 1st period - Slapshot by Pavel Kubina.
13:56 of 1st period - Stopped by Karri Ramo with a rebound.
13:58 of 1st period - Wrist shot by Éric Belanger.
13:58 of 1st period - Stopped by Karri Ramo without a rebound.
13:59 of 1st period - Henrik Sedin wins face-off versus Eric Lindros in Bruins zone.
14:00 of 1st period - Snap shot by Alexei Morozov.
14:00 of 1st period - Shot Misses the Net.
14:02 of 1st period - Slapshot by Pavel Kubina.
14:02 of 1st period - Deflect By Vitali Yachmenev.
14:02 of 1st period - Stopped by Karri Ramo with a rebound.
14:24 of 1st period - Shane Doan is hit by Scottie Upshall and loses puck.
14:46 of 1st period - Snap shot by Matt Cooke.
14:46 of 1st period - Stopped by Pascal Leclaire without a rebound.
14:47 of 1st period - Éric Belanger wins face-off versus Matt Hendricks in Stars zone.
14:54 of 1st period - Snap shot by Daniel Cleary.
14:54 of 1st period - Stopped by Karri Ramo with a rebound.
14:58 of 1st period - Wrist shot by Daniel Cleary.
14:58 of 1st period - Shot Hit the Post.
15:00 of 1st period - Slapshot by Pavel Kubina.
15:00 of 1st period - Shot Blocked by Mark Stuart.
15:02 of 1st period - Snap shot by Daniel Cleary.
15:02 of 1st period - Stopped by Karri Ramo with a rebound.
15:10 of 1st period - Wrist shot by Éric Belanger.
15:10 of 1st period - Shot Misses the Net.
15:27 of 1st period - Wrist shot by Éric Belanger.
15:27 of 1st period - Stopped by Karri Ramo with a rebound.
15:47 of 1st period - Snap shot by Dainius Zubrus.
15:47 of 1st period - Stopped by Pascal Leclaire without a rebound.
15:48 of 1st period - Henrik Sedin wins face-off versus Eric Lindros in Stars zone.
15:48 of 1st period - Henrik Sedin is hit by Eric Lindros.
16:22 of 1st period - Victor Oreskovich is hit by Patrick Sharp and loses puck.
17:01 of 1st period - Tom Gilbert is hit by Daniel Sedin and loses puck.
17:32 of 1st period - Slapshot by Mark Streit.
17:32 of 1st period - Stopped by Karri Ramo with a rebound.
17:42 of 1st period - Shane Doan is hit by Matt Cooke.
18:54 of 1st period - Wrist shot by Eric Lindros.
18:54 of 1st period - Shot Hit the Post.
19:10 of 1st period - Wrist shot by Henrik Sedin.
19:10 of 1st period - Stopped by Karri Ramo with a rebound.
19:12 of 1st period - Snap shot by Daniel Sedin.
19:12 of 1st period - Stopped by Karri Ramo with a rebound.
19:20 of 1st period - Backhand shot by Alexei Morozov.
19:20 of 1st period - Shot Blocked by Martin Erat.
19:30 of 1st period - Dainius Zubrus is hit by Jan Hlavac.
Goals for this period are 0 for Bruins vs 0 for Stars.
Shots for this period are 4 for Bruins vs 20 for Stars.
2nd period
0:01 of 2nd period - Henrik Sedin wins face-off versus Eric Lindros in neutral zone.
0:06 of 2nd period - Wrist shot by Pavel Kubina.
0:06 of 2nd period - Deflect By Daniel Sedin.
0:06 of 2nd period - Shot Misses the Net.
0:06 of 2nd period - Puck is out of play.
0:07 of 2nd period - Eric Lindros wins face-off versus Henrik Sedin in Bruins zone.
0:17 of 2nd period - Slapshot by Alexei Morozov.
0:17 of 2nd period - Goal by Alexei Morozov - Bruins : 0 - Stars : 1.
0:18 of 2nd period - Eric Lindros wins face-off versus Henrik Sedin in neutral zone.
0:29 of 2nd period - Slapshot by Wojtek Wolski.
0:29 of 2nd period - Shot Blocked by Pavel Kubina.
0:31 of 2nd period - Backhand shot by Andrei Markov.
0:31 of 2nd period - Stopped by Pascal Leclaire with a rebound.
0:33 of 2nd period - Snap shot by Vitali Yachmenev.
0:33 of 2nd period - Shot Misses the Net.
0:53 of 2nd period - Snap shot by John Tavares.
0:53 of 2nd period - Stopped by Karri Ramo without a rebound.
0:54 of 2nd period - Eric Lindros wins face-off versus Daniel Sedin in Bruins zone.
0:54 of 2nd period - Eric Lindros is hit by Henrik Sedin.
1:08 of 2nd period - Wrist shot by Eric Lindros.
1:08 of 2nd period - Deflect By Wojtek Wolski.
1:08 of 2nd period - Shot Misses the Net.
1:08 of 2nd period - Puck is out of play.
1:09 of 2nd period - John Tavares wins face-off versus Sydney Crosby in Stars zone.
1:34 of 2nd period - Matthew Spiller is hit by Vitali Yachmenev and loses puck.
2:03 of 2nd period - Marty Reasoner is hit by Matt Hendricks and loses puck.
2:20 of 2nd period - Snap shot by Dave Bolland.
2:20 of 2nd period - Stopped by Pascal Leclaire with a rebound.
2:22 of 2nd period - Wrist shot by Viktor Stalberg.
2:22 of 2nd period - Shot Misses the Net.
2:24 of 2nd period - Snap shot by Viktor Stalberg.
2:24 of 2nd period - Stopped by Pascal Leclaire without a rebound.
2:25 of 2nd period - Eric Lindros wins face-off versus Henrik Sedin in Stars zone.
2:51 of 2nd period - Ryan O'Byrne is hit by John Tavares and loses puck.
3:38 of 2nd period - Off-side.
3:39 of 2nd period - Eric Lindros wins face-off versus Alexei Morozov in neutral zone.
4:04 of 2nd period - Mark Streit is hit by Andrei Markov.
4:10 of 2nd period - Slapshot by Matthew Spiller.
4:10 of 2nd period - Stopped by Karri Ramo with a rebound.
4:30 of 2nd period - Wrist shot by Marty Reasoner.
4:30 of 2nd period - Deflect By Jan Hlavac.
4:30 of 2nd period - Stopped by Karri Ramo with a rebound.
4:34 of 2nd period - Wrist shot by Jan Hlavac.
4:34 of 2nd period - Stopped by Karri Ramo with a rebound.
4:50 of 2nd period - Slapshot by Viktor Stalberg.
4:50 of 2nd period - Shot Blocked by Brendan Bell.
4:56 of 2nd period - Jason Demers is hit by Ryan Malone and loses puck.
5:16 of 2nd period - Wrist shot by Alexei Morozov.
5:16 of 2nd period - Stopped by Karri Ramo with a rebound.
5:47 of 2nd period - Snap shot by Jan Hlavac.
5:47 of 2nd period - Stopped by Karri Ramo without a rebound.
5:48 of 2nd period - Dave Bolland wins face-off versus Marty Reasoner in Bruins zone.
6:03 of 2nd period - Snap shot by Jan Hlavac.
6:03 of 2nd period - Stopped by Karri Ramo with a rebound.
6:34 of 2nd period - Snap shot by Éric Belanger.
6:34 of 2nd period - Goal by Éric Belanger - Bruins : 0 - Stars : 2.
6:35 of 2nd period - Eric Lindros wins face-off versus Henrik Sedin in neutral zone.
7:29 of 2nd period - Snap shot by Martin Erat.
7:29 of 2nd period - Shot Misses the Net.
7:31 of 2nd period - Slapshot by Dave Bolland.
7:31 of 2nd period - Stopped by Pascal Leclaire without a rebound.
7:32 of 2nd period - Henrik Sedin wins face-off versus Eric Lindros in Stars zone.
7:38 of 2nd period - Minor Penalty to Eric Lindros for Interference.
7:39 of 2nd period - Wojtek Wolski wins face-off versus Henrik Sedin in Bruins zone.
9:34 of 2nd period - Jason Demers is hit by Bryan Berard and loses puck.
9:38 of 2nd period - Penalty to Eric Lindros is over, Eric Lindros is back on ice.
9:59 of 2nd period - Slapshot by Brendan Bell.
9:59 of 2nd period - Deflect By Scottie Upshall.
9:59 of 2nd period - Stopped by Karri Ramo with a rebound.
10:01 of 2nd period - Slapshot by Brendan Bell.
10:01 of 2nd period - Stopped by Karri Ramo with a rebound.
12:00 of 2nd period - Daniel Sedin is hit by Matt Hendricks.
12:01 of 2nd period - Icing by Daniel Sedin.
12:02 of 2nd period - Henrik Sedin wins face-off versus Eric Lindros in Stars zone.
12:16 of 2nd period - Snap shot by Wojtek Wolski.
12:16 of 2nd period - Shot Misses the Net.
12:48 of 2nd period - Snap shot by Dave Bolland.
12:48 of 2nd period - Deflect By Martin Erat.
12:48 of 2nd period - Stopped by Pascal Leclaire without a rebound.
12:49 of 2nd period - Éric Belanger wins face-off versus Dave Bolland in Stars zone.
12:49 of 2nd period - Éric Belanger is hit by Dave Bolland.
14:13 of 2nd period - Minor Penalty to Jan Hlavac for Hooking.
14:14 of 2nd period - Eric Lindros wins face-off versus Marty Reasoner in Stars zone.
14:23 of 2nd period - Wrist shot by Eric Lindros.
14:23 of 2nd period - Stopped by Pascal Leclaire without a rebound.
14:24 of 2nd period - Marty Reasoner wins face-off versus Eric Lindros in Stars zone.
14:33 of 2nd period - Snap shot by Eric Lindros.
14:33 of 2nd period - Goal by Eric Lindros - Bruins : 1 - Stars : 2.
14:34 of 2nd period - Eric Lindros wins face-off versus Henrik Sedin in neutral zone.
14:41 of 2nd period - Snap shot by Wojtek Wolski.
14:41 of 2nd period - Stopped by Pascal Leclaire without a rebound.
14:42 of 2nd period - Henrik Sedin wins face-off versus Eric Lindros in Stars zone.
15:13 of 2nd period - Wrist shot by John Tavares.
15:13 of 2nd period - Stopped by Karri Ramo with a rebound.
15:15 of 2nd period - Snap shot by John Tavares.
15:15 of 2nd period - Shot Misses the Net.
15:17 of 2nd period - Wrist shot by John Tavares.
15:17 of 2nd period - Shot Misses the Net.
15:54 of 2nd period - Snap shot by Eric Lindros.
15:54 of 2nd period - Shot Blocked by Mark Streit.
15:56 of 2nd period - Snap shot by Vitali Yachmenev.
15:56 of 2nd period - Stopped by Pascal Leclaire with a rebound.
16:30 of 2nd period - Snap shot by Victor Oreskovich.
16:30 of 2nd period - Shot Misses the Net.
16:35 of 2nd period - Off-side.
16:36 of 2nd period - Daniel Sedin wins face-off versus Eric Lindros in neutral zone.
16:47 of 2nd period - Slapshot by Alexei Morozov.
16:47 of 2nd period - Goal by Alexei Morozov - Bruins : 1 - Stars : 3.
16:48 of 2nd period - Henrik Sedin wins face-off versus Eric Lindros in neutral zone.
17:03 of 2nd period - Snap shot by Alexei Morozov.
17:03 of 2nd period - Stopped by Karri Ramo with a rebound.
17:18 of 2nd period - Snap shot by Sydney Crosby.
17:18 of 2nd period - Stopped by Pascal Leclaire with a rebound.
17:20 of 2nd period - Snap shot by Scottie Upshall.
17:20 of 2nd period - Shot Misses the Net.
17:22 of 2nd period - Wrist shot by Victor Oreskovich.
17:22 of 2nd period - Goal by Victor Oreskovich - Bruins : 2 - Stars : 3.
17:23 of 2nd period - Henrik Sedin wins face-off versus Eric Lindros in neutral zone.
18:12 of 2nd period - Wrist shot by Matt Cooke.
18:12 of 2nd period - Stopped by Pascal Leclaire with a rebound.
18:14 of 2nd period - Snap shot by Matt Hendricks.
18:14 of 2nd period - Stopped by Pascal Leclaire with a rebound.
18:16 of 2nd period - Snap shot by Dainius Zubrus.
18:16 of 2nd period - Shot Misses the Net.
18:18 of 2nd period - Slapshot by Ryan O'Byrne.
18:18 of 2nd period - Stopped by Pascal Leclaire without a rebound.
18:19 of 2nd period - Henrik Sedin wins face-off versus Eric Lindros in Stars zone.
18:44 of 2nd period - John Tavares is hit by Sydney Crosby and loses puck.
18:51 of 2nd period - Snap shot by Victor Oreskovich.
18:51 of 2nd period - Shot Blocked by Patrick Sharp.
18:57 of 2nd period - Slapshot by Sydney Crosby.
18:57 of 2nd period - Shot Misses the Net.
19:31 of 2nd period - Slapshot by Henrik Sedin.
19:31 of 2nd period - Shot Misses the Net.
19:33 of 2nd period - Snap shot by Mark Streit.
19:33 of 2nd period - Stopped by Karri Ramo with a rebound.
19:35 of 2nd period - Slapshot by Henrik Sedin.
19:35 of 2nd period - Goal by Henrik Sedin - Bruins : 2 - Stars : 4.
19:36 of 2nd period - Henrik Sedin wins face-off versus Eric Lindros in neutral zone.
19:47 of 2nd period - Snap shot by Eric Lindros.
19:47 of 2nd period - Stopped by Pascal Leclaire with a rebound.
19:49 of 2nd period - Snap shot by Ryan O'Byrne.
19:49 of 2nd period - Shot Blocked by Pavel Kubina.
Goals for this period are 2 for Bruins vs 4 for Stars.
Shots for this period are 15 for Bruins vs 16 for Stars.
3rd period
0:01 of 3rd period - Henrik Sedin wins face-off versus Eric Lindros in neutral zone.
0:35 of 3rd period - Slapshot by Jason Demers.
0:35 of 3rd period - Shot Blocked by Ryan Malone.
0:45 of 3rd period - Wrist shot by Wojtek Wolski.
0:45 of 3rd period - Shot Blocked by Pavel Kubina.
0:47 of 3rd period - Slapshot by Mark Stuart.
0:47 of 3rd period - Shot Blocked by Shane Doan.
0:49 of 3rd period - Slapshot by Jason Demers.
0:49 of 3rd period - Deflect By Pavel Kubina.
0:49 of 3rd period - Stopped by Pascal Leclaire without a rebound.
0:50 of 3rd period - John Tavares wins face-off versus Victor Oreskovich in Stars zone.
1:25 of 3rd period - Off-side.
1:26 of 3rd period - Henrik Sedin wins face-off versus Sydney Crosby in neutral zone.
3:00 of 3rd period - Minor Penalty to Alexei Morozov for Tripping.
3:01 of 3rd period - Eric Lindros wins face-off versus Marty Reasoner in Stars zone.
4:18 of 3rd period - John Tavares is hit by Vitali Yachmenev and loses puck.
5:00 of 3rd period - Penalty to Alexei Morozov is over, Alexei Morozov is back on ice.
5:07 of 3rd period - Éric Belanger is hit by Matt Cooke and loses puck.
5:23 of 3rd period - Icing by Dainius Zubrus.
5:24 of 3rd period - Henrik Sedin wins face-off versus Matt Cooke in Bruins zone.
5:48 of 3rd period - Wrist shot by Matt Cooke.
5:48 of 3rd period - Stopped by Pascal Leclaire with a rebound.
5:54 of 3rd period - Backhand shot by Dainius Zubrus.
5:54 of 3rd period - Stopped by Pascal Leclaire without a rebound.
5:55 of 3rd period - Henrik Sedin wins face-off versus Eric Lindros in Stars zone.
5:55 of 3rd period - Henrik Sedin is hit by Ryan O'Byrne.
6:56 of 3rd period - Bryan Berard is hit by Martin Erat.
7:06 of 3rd period - Jason Demers is hit by Daniel Cleary.
7:56 of 3rd period - Icing by Eric Lindros.
7:57 of 3rd period - Eric Lindros wins face-off versus Marty Reasoner in Bruins zone.
8:06 of 3rd period - Tom Gilbert is hit by Jan Hlavac and loses puck.
8:23 of 3rd period - Slapshot by Christoph Schubert.
8:23 of 3rd period - Shot Blocked by Henrik Sedin.
8:25 of 3rd period - Slapshot by Tom Gilbert.
8:25 of 3rd period - Deflect By Scottie Upshall.
8:25 of 3rd period - Shot Misses the Net.
8:25 of 3rd period - Puck is out of play.
8:26 of 3rd period - Sydney Crosby wins face-off versus Henrik Sedin in Stars zone.
8:36 of 3rd period - Ryan O'Byrne is hit by Alexei Morozov and loses puck.
8:55 of 3rd period - Wrist shot by Alexei Morozov.
8:55 of 3rd period - Stopped by Karri Ramo without a rebound.
8:56 of 3rd period - Eric Lindros wins face-off versus John Tavares in Bruins zone.
8:58 of 3rd period - Minor Penalty to Eric Lindros for Hooking.
8:59 of 3rd period - Wojtek Wolski wins face-off versus Henrik Sedin in Bruins zone.
10:02 of 3rd period - Jason Demers is hit by Henrik Sedin and loses puck.
10:23 of 3rd period - Pavel Kubina is hit by Andrei Markov and loses puck.
10:48 of 3rd period - Mark Streit is hit by Dainius Zubrus and loses puck.
10:58 of 3rd period - Penalty to Eric Lindros is over, Eric Lindros is back on ice.
13:00 of 3rd period - Filip Novak is hit by Ryan O'Byrne and loses puck.
13:31 of 3rd period - Backhand shot by John Tavares.
13:31 of 3rd period - Shot Misses the Net.
13:45 of 3rd period - Bryan Berard is hit by Matt Hendricks and loses puck.
13:58 of 3rd period - Tom Gilbert is hit by Jan Hlavac and loses puck.
14:13 of 3rd period - Matthew Spiller is hit by Martin Erat and loses puck.
14:18 of 3rd period - Slapshot by Viktor Stalberg.
14:18 of 3rd period - Shot Misses the Net.
14:20 of 3rd period - Slapshot by Jason Demers.
14:20 of 3rd period - Stopped by Pascal Leclaire without a rebound.
14:21 of 3rd period - Sydney Crosby wins face-off versus Henrik Sedin in Stars zone.
14:22 of 3rd period - Snap shot by Scottie Upshall.
14:22 of 3rd period - Stopped by Pascal Leclaire with a rebound.
14:24 of 3rd period - Snap shot by Sydney Crosby.
14:24 of 3rd period - Shot Misses the Net.
14:28 of 3rd period - Snap shot by Sydney Crosby.
14:28 of 3rd period - Shot Blocked by Mark Streit.
14:30 of 3rd period - Slapshot by Mark Stuart.
14:30 of 3rd period - Shot Misses the Net.
14:32 of 3rd period - Slapshot by Mark Stuart.
14:32 of 3rd period - Stopped by Pascal Leclaire without a rebound.
14:33 of 3rd period - Henrik Sedin wins face-off versus Eric Lindros in Stars zone.
14:43 of 3rd period - Minor Penalty to Eric Lindros for Holding.
14:44 of 3rd period - Henrik Sedin wins face-off versus Wojtek Wolski in Bruins zone.
14:47 of 3rd period - Wrist shot by Henrik Sedin.
14:47 of 3rd period - Shot Blocked by Andrei Markov.
14:49 of 3rd period - Wrist shot by Patrick Sharp.
14:49 of 3rd period - Goal by Patrick Sharp - Bruins : 2 - Stars : 5.
14:50 of 3rd period - Henrik Sedin wins face-off versus Eric Lindros in neutral zone.
15:01 of 3rd period - Snap shot by Daniel Sedin.
15:01 of 3rd period - Goal by Daniel Sedin - Bruins : 2 - Stars : 6.
15:02 of 3rd period - Eric Lindros wins face-off versus Henrik Sedin in neutral zone.
15:11 of 3rd period - Snap shot by Wojtek Wolski.
15:11 of 3rd period - Deflect By Vitali Yachmenev.
15:11 of 3rd period - Shot Misses the Net.
15:11 of 3rd period - Puck is out of play.
15:12 of 3rd period - Eric Lindros wins face-off versus Henrik Sedin in Stars zone.
15:15 of 3rd period - Wrist shot by Wojtek Wolski.
15:15 of 3rd period - Shot Blocked by Pavel Kubina.
15:17 of 3rd period - Wrist shot by Wojtek Wolski.
15:17 of 3rd period - Stopped by Pascal Leclaire with a rebound.
15:52 of 3rd period - Minor Penalty to Matthew Spiller for Interference.
15:53 of 3rd period - Marty Reasoner wins face-off versus Sydney Crosby in Stars zone.
16:25 of 3rd period - Marty Reasoner is hit by Vitali Yachmenev and loses puck.
17:14 of 3rd period - Wrist shot by John Tavares.
17:14 of 3rd period - Shot Misses the Net.
17:52 of 3rd period - Penalty to Matthew Spiller is over, Matthew Spiller is back on ice.
18:21 of 3rd period - Matt Hendricks is hit by Shane Doan.
19:24 of 3rd period - Snap shot by Wojtek Wolski.
19:24 of 3rd period - Goal by Wojtek Wolski - Bruins : 3 - Stars : 6.
19:25 of 3rd period - Henrik Sedin wins face-off versus Sydney Crosby in neutral zone.
19:32 of 3rd period - Snap shot by Henrik Sedin.
19:32 of 3rd period - Shot Misses the Net.
19:34 of 3rd period - Snap shot by Mark Streit.
19:34 of 3rd period - Stopped by Karri Ramo with a rebound.
19:36 of 3rd period - Snap shot by Pavel Kubina.
19:36 of 3rd period - Deflect By Daniel Sedin.
19:36 of 3rd period - Stopped by Karri Ramo with a rebound.
19:38 of 3rd period - Snap shot by Alexei Morozov.
19:38 of 3rd period - Shot Blocked by Andrei Markov.
19:40 of 3rd period - Snap shot by Henrik Sedin.
19:40 of 3rd period - Shot Misses the Net.
Goals for this period are 1 for Bruins vs 2 for Stars.
Shots for this period are 8 for Bruins vs 5 for Stars.
Output by the SimonT Hockey Simulator (STHS) for François Prévost -- Original Page W3C XHTML 1.0 Valid